[ AOE2 MATCH · #478646293 ]
UnrankedPersians vs Spanish
[ REPLAY ANALYSIS · EXTRACTED FROM THE RECORDED GAME ]
Feudal
10:16
Castle
13:56
Imperial
32:23
| APM avg | 37.3 |
| APM peak | 123 |
| eAPM avg | 20.5 |
| Villagers / military | 189 / 725 |
Focus
⚔️ 40.8% · 🌾 59.2%
Scout Cavalry ×593 · Camel Scout ×92 · Trade Cart ×39 · Bombard Cannon ×18 · Trebuchet (Packed) ×17 · Knight ×4
Feudal
11:22
Castle
15:28
Imperial
37:36
| APM avg | 62.6 |
| APM peak | 129 |
| eAPM avg | 31.7 |
| Villagers / military | 173 / 852 |
Focus
⚔️ 40.8% · 🌾 59.2%
Spearman ×736 · Woad Raider ×71 · Trade Cart ×52 · Archer ×28 · Mangonel ×13 · Battering Ram ×3
Feudal
10:56
Castle
14:47
Imperial
36:48
| APM avg | 41.7 |
| APM peak | 82 |
| eAPM avg | 31.1 |
| Villagers / military | 212 / 873 |
Focus
⚔️ 61.7% · 🌾 38.3%
Spearman ×643 · Missionary ×124 · Knight ×40 · Scout Cavalry ×40 · Bombard Cannon ×22 · Trade Cart ×11
Feudal
8:58
Castle
25:38
Imperial
43:56
| APM avg | 41.1 |
| APM peak | 89 |
| eAPM avg | 22.0 |
| Villagers / military | 152 / 538 |
Focus
⚔️ 32.6% · 🌾 67.4%
Scout Cavalry ×302 · Camel Scout ×236 · Trade Cart ×46
Feudal
10:00
Castle
24:25
Imperial
40:08
| APM avg | 48.5 |
| APM peak | 102 |
| eAPM avg | 24.6 |
| Villagers / military | 139 / 412 |
Focus
⚔️ 30.5% · 🌾 69.5%
Skirmisher ×209 · Spearman ×174 · Bombard Cannon ×14 · Trade Cart ×12 · Iron Pagoda ×9 · Archer ×6
Feudal
9:33
Castle
26:29
Imperial
33:07
| APM avg | 37.6 |
| APM peak | 93 |
| eAPM avg | 14.1 |
| Villagers / military | 123 / 369 |
Focus
⚔️ 37.5% · 🌾 62.5%
Archer ×355 · Trade Cart ×15 · Battering Ram ×7 · Trebuchet (Packed) ×7
Match map
Initial resources + every placement click. Lines = walls · curves = elevation contours. ◆ gold · ⬟ stone · ● berries · ✦ relic · ◌ wall gap
Your base· ✓ Closed at 13:56 · 17t walls · no gate
Kolor Peru's base· ✓ Closed at 15:28 · 24t walls · no gate
The Chancellor's base· Open — opponent sealed themselves in
ShaggyJeff's base· ✓ Closed at 25:38 · 0t walls · 1 gate(s)
FreeNicov!'s base· ✓ Closed at 24:25 · 28t walls · no gate
Hornet-Wing's base· ✓ Closed at 26:29 · 6t walls · no gate
Smoothed initial terrain · ◌ = detected wall gap · hover for details
Inputs per minute
— mitocondria - - Kolor Peru
Build order — mitocondria
First 150 of 832 actions detected
| 0:01 | Create | Villager (Male) |
| 0:01 | Create | Villager (Male) |
| 0:01 | Create | Villager (Male) |
| 0:03 | Build | House |
| 0:04 | Build | House |
| 0:08 | Create | Villager (Male) |
| 0:08 | Create | Villager (Male) |
| 0:09 | Create | Villager (Male) |
| 1:22 | Create | Villager (Male) |
| 1:22 | Create | Villager (Male) |
| 1:45 | Build | Lumber Camp |
| 2:01 | Create | Villager (Male) |
| 2:01 | Create | Villager (Male) |
| 2:18 | Create | Villager (Male) |
| 3:01 | Create | Villager (Male) |
| 3:01 | Create | Villager (Male) |
| 3:16 | Build | House |
| 3:53 | Create | Villager (Male) |
| 4:08 | Build | House |
| 4:28 | Create | Villager (Male) |
| 4:56 | Create | Villager (Male) |
| 4:57 | Create | Villager (Male) |
| 5:03 | Build | Mill |
| 5:32 | Create | Villager (Male) |
| 5:50 | Create | Villager (Male) |
| 6:29 | Create | Villager (Male) |
| 6:55 | Create | Villager (Male) |
| 7:20 | Create | Villager (Male) |
| 7:48 | Create | Villager (Male) |
| 8:05 | Research | Feudal Age |
| 8:07 | Build | Mining Camp |
| 8:23 | Build | House |
| 8:37 | Build | Farm |
| 8:44 | Build | Farm |
| 8:54 | Create | Villager (Male) |
| 8:54 | Create | Villager (Male) |
| 10:16 | Age | Feudal Age |
| 10:21 | Build | Market |
| 10:24 | Build | Blacksmith |
| 11:05 | Build | Stone Wall |
| 11:31 | Research | Castle Age |
| 11:31 | Research | Castle Age |
| 11:40 | Build | Mining Camp |
| 11:50 | Build | Palisade Wall |
| 11:55 | Build | Palisade Wall |
| 12:24 | Build | Barracks |
| 12:29 | Research | Double-Bit Axe |
| 12:46 | Build | Farm |
| 12:49 | Build | Farm |
| 13:23 | Research | Horse Collar |
| 13:48 | Build | Stable |
| 13:53 | Create | Villager (Male) |
| 13:56 | Age | Castle Age |
| 14:32 | Create | Knight |
| 14:42 | Create | Villager (Male) |
| 14:43 | Create | Villager (Male) |
| 14:49 | Build | House |
| 15:03 | Build | Palisade Wall |
| 15:04 | Build | Palisade Wall |
| 15:05 | Build | Palisade Wall |
| 15:08 | Build | Palisade Wall |
| 15:31 | Research | Loom |
| 15:34 | Build | House |
| 15:56 | Create | Villager (Male) |
| 16:19 | Create | Knight |
| 16:19 | Create | Villager (Male) |
| 16:55 | Build | Town Center |
| 16:59 | Create | Villager (Male) |
| 17:00 | Create | Villager (Male) |
| 17:33 | Create | Villager (Male) |
| 18:14 | Build | Castle |
| 18:22 | Create | Villager (Male) |
| 18:22 | Create | Villager (Male) |
| 18:27 | Build | Farm |
| 18:27 | Build | Farm |
| 18:28 | Build | Farm |
| 18:28 | Build | Farm |
| 18:56 | Create | Villager (Male) |
| 18:56 | Create | Villager (Male) |
| 19:02 | Build | Farm |
| 19:28 | Build | Castle |
| 19:36 | Build | Palisade Gate |
| 20:03 | Create | Villager (Male) |
| 20:03 | Create | Villager (Male) |
| 20:03 | Create | Villager (Male) |
| 20:04 | Create | Villager (Male) |
| 20:18 | Build | Town Center |
| 20:37 | Create | Villager (Male) |
| 20:38 | Create | Villager (Male) |
| 20:43 | Build | Farm |
| 20:46 | Build | Farm |
| 20:48 | Create | Villager (Male) |
| 20:48 | Create | Villager (Male) |
| 21:17 | Create | Villager (Male) |
| 21:18 | Create | Villager (Male) |
| 21:21 | Build | Farm |
| 21:23 | Build | Farm |
| 21:24 | Create | Villager (Male) |
| 21:24 | Create | Villager (Male) |
| 22:02 | Create | Villager (Male) |
| 22:02 | Create | Villager (Male) |
| 22:04 | Build | Farm |
| 22:12 | Build | Farm |
| 22:12 | Create | Villager (Male) |
| 22:19 | Build | Farm |
| 22:30 | Create | Villager (Male) |
| 22:30 | Create | Villager (Male) |
| 22:35 | Build | Farm |
| 22:39 | Create | Villager (Male) |
| 22:50 | Create | Villager (Male) |
| 22:55 | Build | Farm |
| 23:08 | Build | Farm |
| 23:09 | Create | Villager (Male) |
| 23:09 | Create | Villager (Male) |
| 23:28 | Create | Villager (Male) |
| 23:29 | Create | Villager (Male) |
| 23:33 | Build | Farm |
| 23:34 | Create | Villager (Male) |
| 23:34 | Create | Villager (Male) |
| 23:41 | Build | Farm |
| 23:41 | Create | Villager (Male) |
| 23:42 | Create | Villager (Male) |
| 23:50 | Create | Villager (Male) |
| 23:51 | Create | Villager (Male) |
| 23:58 | Create | Villager (Male) |
| 23:59 | Create | Villager (Male) |
| 24:13 | Build | Farm |
| 24:14 | Create | Villager (Male) |
| 24:15 | Create | Villager (Male) |
| 24:32 | Build | House |
| 24:36 | Build | Farm |
| 24:37 | Create | Villager (Male) |
| 24:37 | Create | Villager (Male) |
| 24:37 | Create | Villager (Male) |
| 24:38 | Create | Villager (Male) |
| 24:48 | Build | Farm |
| 24:50 | Create | Villager (Male) |
| 24:56 | Create | Villager (Male) |
| 24:57 | Create | Villager (Male) |
| 25:24 | Create | War Elephant |
| 25:27 | Create | Villager (Male) |
| 25:28 | Create | Villager (Male) |
| 25:28 | Create | Villager (Male) |
| 25:33 | Build | Farm |
| 25:44 | Create | Villager (Male) |
| 26:07 | Build | House |
| 26:12 | Build | Farm |
| 26:15 | Research | Bow Saw |
| 26:16 | Create | Villager (Male) |
| 26:16 | Create | Villager (Male) |
Build order — Kolor Peru
First 150 of 890 actions detected
| 0:01 | Create | Villager (Male) |
| 0:01 | Create | Villager (Male) |
| 0:04 | Build | House |
| 0:05 | Build | House |
| 0:07 | Create | Villager (Male) |
| 0:08 | Create | Villager (Male) |
| 1:38 | Create | Villager (Male) |
| 1:38 | Create | Villager (Male) |
| 1:38 | Create | Villager (Male) |
| 1:52 | Build | Lumber Camp |
| 2:03 | Create | Villager (Male) |
| 2:03 | Create | Villager (Male) |
| 2:20 | Create | Villager (Male) |
| 2:21 | Create | Villager (Male) |
| 2:57 | Create | Villager (Male) |
| 2:57 | Create | Villager (Male) |
| 3:21 | Create | Villager (Male) |
| 3:22 | Create | Villager (Male) |
| 3:40 | Create | Villager (Male) |
| 3:40 | Create | Villager (Male) |
| 3:40 | Create | Villager (Male) |
| 3:53 | Create | Villager (Male) |
| 3:53 | Create | Villager (Male) |
| 3:56 | Build | House |
| 3:56 | Build | House |
| 4:15 | Create | Villager (Male) |
| 4:16 | Create | Villager (Male) |
| 4:16 | Create | Villager (Male) |
| 4:33 | Create | Villager (Male) |
| 4:33 | Create | Villager (Male) |
| 4:42 | Create | Villager (Male) |
| 4:42 | Create | Villager (Male) |
| 5:02 | Create | Villager (Male) |
| 5:02 | Create | Villager (Male) |
| 5:07 | Build | Mill |
| 5:32 | Create | Villager (Male) |
| 5:32 | Create | Villager (Male) |
| 5:33 | Create | Villager (Male) |
| 5:36 | Create | Villager (Male) |
| 5:37 | Create | Villager (Male) |
| 6:19 | Create | Villager (Male) |
| 6:19 | Create | Villager (Male) |
| 6:21 | Create | Villager (Male) |
| 6:21 | Create | Villager (Male) |
| 8:26 | Research | Loom |
| 8:30 | Build | Mining Camp |
| 8:51 | Research | Feudal Age |
| 9:17 | Build | Farm |
| 9:18 | Build | Farm |
| 9:56 | Build | House |
| 11:03 | Create | Villager (Male) |
| 11:04 | Create | Villager (Male) |
| 11:12 | Build | Barracks |
| 11:22 | Age | Feudal Age |
| 11:32 | Build | Blacksmith |
| 11:38 | Build | House |
| 11:46 | Build | Palisade Wall |
| 11:47 | Build | Palisade Wall |
| 12:02 | Build | Archery Range |
| 12:14 | Create | Villager (Male) |
| 12:17 | Build | Farm |
| 12:18 | Create | Villager (Male) |
| 12:48 | Research | Castle Age |
| 12:52 | Create | Archer |
| 12:53 | Create | Archer |
| 13:02 | Research | Fletching |
| 13:10 | Build | Farm |
| 13:33 | Create | Archer |
| 13:34 | Create | Villager (Male) |
| 13:39 | Research | Padded Archer Armor |
| 13:45 | Build | House |
| 14:16 | Create | Villager (Male) |
| 14:22 | Build | House |
| 14:24 | Build | Palisade Wall |
| 14:27 | Build | Palisade Wall |
| 14:30 | Create | Archer |
| 14:57 | Build | Farm |
| 14:58 | Build | Farm |
| 15:00 | Research | Double-Bit Axe |
| 15:20 | Build | Farm |
| 15:22 | Build | Farm |
| 15:23 | Research | Horse Collar |
| 15:28 | Age | Castle Age |
| 15:30 | Research | Crossbowman (upgrade) |
| 15:48 | Build | Market |
| 16:21 | Create | Archer |
| 16:31 | Research | Bodkin Arrow |
| 16:32 | Create | Archer |
| 16:42 | Create | Archer |
| 16:46 | Build | Farm |
| 17:02 | Create | Villager (Male) |
| 17:09 | Build | Town Center |
| 17:17 | Create | Villager (Male) |
| 17:17 | Create | Villager (Male) |
| 17:35 | Create | Villager (Male) |
| 17:36 | Create | Villager (Male) |
| 17:38 | Create | Archer |
| 17:55 | Create | Archer |
| 17:55 | Create | Archer |
| 18:05 | Create | Villager (Male) |
| 18:05 | Create | Villager (Male) |
| 18:20 | Create | Archer |
| 18:20 | Create | Villager (Male) |
| 18:28 | Build | Siege Workshop |
| 18:37 | Create | Villager (Male) |
| 18:37 | Create | Villager (Male) |
| 18:53 | Build | Farm |
| 18:53 | Build | Farm |
| 19:13 | Create | Archer |
| 19:22 | Create | Villager (Male) |
| 19:22 | Create | Villager (Male) |
| 19:22 | Create | Villager (Male) |
| 19:27 | Create | Scorpion |
| 19:37 | Create | Archer |
| 19:38 | Create | Archer |
| 19:38 | Create | Villager (Male) |
| 19:38 | Create | Villager (Male) |
| 19:52 | Create | Archer |
| 19:56 | Create | Villager (Male) |
| 20:02 | Create | Archer |
| 20:05 | Build | House |
| 20:09 | Create | Villager (Male) |
| 20:09 | Create | Villager (Male) |
| 20:14 | Build | House |
| 20:15 | Build | House |
| 20:44 | Create | Villager (Male) |
| 20:44 | Create | Villager (Male) |
| 20:45 | Create | Archer |
| 20:45 | Create | Archer |
| 21:15 | Create | Villager (Male) |
| 21:15 | Create | Villager (Male) |
| 21:30 | Build | Town Center |
| 21:33 | Create | Villager (Male) |
| 21:40 | Build | Farm |
| 21:41 | Build | Farm |
| 21:42 | Build | Farm |
| 21:46 | Build | Farm |
| 21:47 | Build | Farm |
| 22:09 | Create | Villager (Male) |
| 22:09 | Create | Villager (Male) |
| 22:29 | Create | Archer |
| 22:29 | Create | Villager (Male) |
| 22:43 | Create | Villager (Male) |
| 22:44 | Create | Villager (Male) |
| 22:49 | Research | Horse Collar |
| 22:49 | Research | Double-Bit Axe |
| 22:53 | Build | Farm |
| 22:54 | Build | Farm |
| 22:54 | Build | Farm |
| 22:54 | Build | Farm |
Build order — The Chancellor
First 150 of 1318 actions detected
| 0:00 | Create | Villager (Male) |
| 0:01 | Create | Villager (Male) |
| 0:01 | Create | Villager (Male) |
| 0:02 | Build | House |
| 0:02 | Create | Villager (Male) |
| 0:04 | Build | House |
| 0:06 | Build | House |
| 1:24 | Create | Villager (Male) |
| 1:58 | Create | Villager (Male) |
| 2:06 | Create | Villager (Male) |
| 2:12 | Build | Lumber Camp |
| 2:45 | Create | Villager (Male) |
| 3:18 | Create | Villager (Male) |
| 3:34 | Create | Villager (Male) |
| 3:44 | Create | Villager (Male) |
| 4:15 | Create | Villager (Male) |
| 4:54 | Create | Villager (Male) |
| 4:54 | Create | Villager (Male) |
| 4:55 | Create | Villager (Male) |
| 5:12 | Build | House |
| 5:40 | Create | Villager (Male) |
| 5:42 | Create | Villager (Male) |
| 5:44 | Create | Villager (Male) |
| 6:42 | Build | Mill |
| 6:45 | Create | Villager (Male) |
| 6:54 | Build | Lumber Camp |
| 7:18 | Create | Villager (Male) |
| 8:02 | Create | Villager (Male) |
| 8:08 | Build | Mining Camp |
| 8:42 | Research | Feudal Age |
| 8:43 | Research | Feudal Age |
| 10:56 | Age | Feudal Age |
| 10:59 | Build | Market |
| 11:01 | Build | Blacksmith |
| 11:06 | Create | Villager (Male) |
| 11:06 | Create | Villager (Male) |
| 11:11 | Research | Town Watch |
| 11:15 | Research | Loom |
| 11:21 | Build | Barracks |
| 11:34 | Build | Farm |
| 11:35 | Build | Farm |
| 11:37 | Build | Farm |
| 11:39 | Build | Farm |
| 12:07 | Research | Castle Age |
| 12:07 | Research | Castle Age |
| 12:28 | Build | House |
| 12:51 | Research | Gold Mining |
| 12:56 | Research | Double-Bit Axe |
| 12:57 | Research | Double-Bit Axe |
| 13:32 | Create | Villager (Male) |
| 13:33 | Create | Villager (Male) |
| 13:45 | Build | House |
| 13:47 | Build | House |
| 14:47 | Age | Castle Age |
| 14:49 | Build | Monastery |
| 14:50 | Build | Monastery |
| 14:51 | Build | Monastery |
| 14:53 | Create | Villager (Male) |
| 14:54 | Create | Villager (Male) |
| 15:04 | Build | Stable |
| 15:16 | Create | Villager (Male) |
| 15:27 | Create | Missionary |
| 15:54 | Research | Husbandry |
| 15:57 | Create | Villager (Male) |
| 16:01 | Create | Missionary |
| 16:06 | Build | Monastery |
| 16:12 | Create | Villager (Male) |
| 16:40 | Create | Missionary |
| 16:43 | Build | House |
| 16:47 | Create | Missionary |
| 16:50 | Create | Villager (Male) |
| 16:53 | Research | Sanctity |
| 16:57 | Create | Villager (Male) |
| 16:58 | Create | Villager (Male) |
| 17:00 | Build | House |
| 17:15 | Build | House |
| 17:17 | Create | Missionary |
| 17:32 | Create | Missionary |
| 17:35 | Research | Scale Barding Armor |
| 17:35 | Research | Scale Barding Armor |
| 17:38 | Build | House |
| 17:40 | Create | Villager (Male) |
| 17:44 | Build | Farm |
| 17:46 | Build | Farm |
| 17:48 | Build | Farm |
| 17:50 | Build | Farm |
| 17:52 | Create | Missionary |
| 17:57 | Create | Villager (Male) |
| 18:11 | Create | Missionary |
| 18:11 | Create | Missionary |
| 18:28 | Research | Fervor |
| 18:38 | Create | Villager (Male) |
| 19:26 | Create | Villager (Male) |
| 19:28 | Create | Missionary |
| 19:30 | Create | Villager (Male) |
| 19:58 | Research | Redemption |
| 19:58 | Research | Redemption |
| 19:59 | Create | Villager (Male) |
| 20:00 | Create | Villager (Male) |
| 20:01 | Create | Villager (Male) |
| 20:06 | Build | Town Center |
| 20:08 | Create | Villager (Male) |
| 20:17 | Create | Missionary |
| 20:17 | Create | Missionary |
| 20:37 | Research | Bloodlines |
| 20:37 | Research | Bloodlines |
| 20:45 | Create | Missionary |
| 20:45 | Create | Villager (Male) |
| 21:35 | Create | Villager (Male) |
| 21:35 | Create | Villager (Male) |
| 21:38 | Build | Lumber Camp |
| 21:39 | Create | Villager (Male) |
| 21:48 | Create | Villager (Male) |
| 21:49 | Create | Villager (Male) |
| 22:37 | Create | Villager (Male) |
| 22:38 | Create | Villager (Male) |
| 22:45 | Create | Villager (Male) |
| 22:45 | Create | Villager (Male) |
| 22:46 | Create | Villager (Male) |
| 22:49 | Build | Town Center |
| 22:50 | Create | Villager (Male) |
| 23:04 | Create | Villager (Male) |
| 23:11 | Build | Town Center |
| 23:15 | Build | Farm |
| 23:15 | Create | Villager (Male) |
| 23:24 | Research | Horse Collar |
| 23:38 | Build | Monastery |
| 24:03 | Create | Villager (Male) |
| 24:03 | Create | Villager (Male) |
| 24:03 | Create | Villager (Male) |
| 24:28 | Create | Villager (Male) |
| 24:28 | Create | Villager (Male) |
| 24:54 | Create | Villager (Male) |
| 24:55 | Build | Farm |
| 24:59 | Create | Villager (Male) |
| 24:59 | Create | Villager (Male) |
| 25:00 | Create | Villager (Male) |
| 25:00 | Create | Villager (Male) |
| 25:03 | Build | Farm |
| 25:03 | Build | Farm |
| 25:03 | Build | Farm |
| 25:03 | Build | Farm |
| 25:03 | Build | Farm |
| 25:04 | Build | Farm |
| 25:04 | Build | Farm |
| 25:04 | Build | Farm |
| 25:06 | Create | Villager (Male) |
| 25:06 | Create | Villager (Male) |
| 25:28 | Create | Villager (Male) |
| 25:36 | Build | Stone Wall |
Build order — ShaggyJeff
First 150 of 527 actions detected
| 0:03 | Build | House |
| 0:03 | Create | Villager (Male) |
| 0:04 | Create | Villager (Male) |
| 0:04 | Create | Villager (Male) |
| 0:05 | Build | House |
| 0:14 | Create | Villager (Male) |
| 0:14 | Create | Villager (Male) |
| 1:12 | Create | Villager (Male) |
| 1:12 | Create | Villager (Male) |
| 1:38 | Create | Villager (Male) |
| 2:14 | Create | Villager (Male) |
| 2:14 | Create | Villager (Male) |
| 2:18 | Create | Villager (Male) |
| 2:18 | Create | Villager (Male) |
| 2:18 | Create | Villager (Male) |
| 2:38 | Build | Lumber Camp |
| 3:04 | Build | House |
| 3:19 | Create | Villager (Male) |
| 3:19 | Create | Villager (Male) |
| 3:20 | Create | Villager (Male) |
| 3:20 | Create | Villager (Male) |
| 3:30 | Create | Villager (Male) |
| 3:30 | Create | Villager (Male) |
| 3:30 | Create | Villager (Male) |
| 4:19 | Create | Villager (Male) |
| 4:19 | Create | Villager (Male) |
| 5:11 | Build | Mill |
| 5:12 | Create | Villager (Male) |
| 5:12 | Create | Villager (Male) |
| 5:48 | Build | House |
| 6:48 | Research | Feudal Age |
| 6:49 | Research | Feudal Age |
| 8:10 | Build | Barracks |
| 8:16 | Create | Villager (Male) |
| 8:16 | Create | Villager (Male) |
| 8:16 | Create | Villager (Male) |
| 8:58 | Age | Feudal Age |
| 9:13 | Build | Stable |
| 9:25 | Research | Double-Bit Axe |
| 10:04 | Create | Villager (Male) |
| 10:04 | Create | Villager (Male) |
| 10:12 | Build | Stable |
| 10:23 | Research | Horse Collar |
| 10:23 | Research | Horse Collar |
| 10:30 | Create | Scout Cavalry |
| 10:30 | Create | Scout Cavalry |
| 10:54 | Build | Farm |
| 10:55 | Build | Farm |
| 11:02 | Build | House |
| 11:07 | Build | House |
| 11:13 | Research | Loom |
| 11:20 | Create | Scout Cavalry |
| 11:34 | Build | Farm |
| 11:34 | Build | Farm |
| 11:41 | Build | House |
| 11:53 | Create | Scout Cavalry ×2 |
| 11:54 | Create | Villager (Male) |
| 11:54 | Create | Villager (Male) |
| 12:19 | Create | Villager (Male) |
| 12:33 | Create | Scout Cavalry |
| 12:34 | Create | Scout Cavalry |
| 12:34 | Create | Scout Cavalry |
| 12:44 | Build | Farm |
| 12:46 | Build | Farm |
| 12:47 | Build | Farm |
| 12:50 | Create | Villager (Male) |
| 12:50 | Create | Villager (Male) |
| 12:51 | Create | Villager (Male) |
| 12:51 | Create | Villager (Male) |
| 13:04 | Create | Villager (Male) |
| 13:09 | Build | House |
| 14:03 | Create | Scout Cavalry ×4 |
| 14:05 | Create | Villager (Male) |
| 14:05 | Create | Villager (Male) |
| 14:08 | Build | Farm |
| 14:09 | Build | Farm |
| 14:11 | Build | Farm |
| 14:35 | Create | Villager (Male) |
| 14:51 | Create | Scout Cavalry |
| 14:51 | Create | Scout Cavalry |
| 15:27 | Create | Villager (Male) |
| 15:31 | Build | Mining Camp |
| 15:40 | Build | Mining Camp |
| 15:41 | Create | Villager (Male) |
| 16:35 | Build | Lumber Camp |
| 16:39 | Build | Farm |
| 16:54 | Create | Villager (Male) |
| 16:59 | Build | House |
| 17:00 | Build | House |
| 17:12 | Build | Gate |
| 17:21 | Create | Villager (Male) |
| 17:30 | Build | House |
| 17:31 | Build | House |
| 17:32 | Build | House |
| 17:37 | Create | Villager (Male) |
| 17:41 | Build | Lumber Camp |
| 17:45 | Build | Farm |
| 18:21 | Research | Bloodlines |
| 18:21 | Research | Bloodlines |
| 18:32 | Build | Blacksmith |
| 18:34 | Create | Villager (Male) |
| 18:35 | Create | Villager (Male) |
| 18:35 | Create | Villager (Male) |
| 18:41 | Build | House |
| 18:43 | Build | House |
| 18:59 | Create | Scout Cavalry ×5 |
| 19:25 | Research | Forging |
| 19:25 | Research | Forging |
| 19:29 | Create | Villager (Male) |
| 19:32 | Build | Farm |
| 19:35 | Build | Farm |
| 19:35 | Build | Farm |
| 19:36 | Build | Farm |
| 19:56 | Create | Scout Cavalry |
| 20:02 | Build | Farm |
| 20:03 | Build | Farm |
| 20:04 | Build | Farm |
| 20:21 | Build | Farm |
| 20:22 | Create | Villager (Male) |
| 20:26 | Build | Farm |
| 20:28 | Build | Farm |
| 20:30 | Build | Farm |
| 21:00 | Research | Scale Barding Armor |
| 21:01 | Research | Scale Barding Armor |
| 21:02 | Create | Scout Cavalry ×2 |
| 21:02 | Create | Scout Cavalry ×2 |
| 21:33 | Create | Villager (Male) |
| 21:44 | Build | Farm |
| 21:45 | Build | Farm |
| 21:45 | Build | Farm |
| 22:01 | Build | Market |
| 22:25 | Build | Lumber Camp |
| 22:58 | Research | Castle Age |
| 23:02 | Create | Scout Cavalry |
| 23:02 | Create | Scout Cavalry |
| 23:29 | Create | Scout Cavalry ×2 |
| 23:29 | Create | Scout Cavalry ×2 |
| 23:47 | Create | Scout Cavalry ×2 |
| 24:05 | Create | Scout Cavalry |
| 24:05 | Create | Scout Cavalry |
| 24:08 | Create | Scout Cavalry |
| 24:33 | Research | Gold Mining |
| 24:34 | Research | Gold Mining |
| 25:04 | Build | Farm |
| 25:07 | Build | Farm |
| 25:38 | Age | Castle Age |
| 25:47 | Research | Light Cavalry (upgrade) |
| 25:49 | Research | Chain Barding Armor |
| 25:50 | Research | Chain Barding Armor |
| 25:50 | Research | Iron Casting |
Build order — FreeNicov!
First 150 of 541 actions detected
| 0:01 | Create | Villager (Male) |
| 0:02 | Create | Villager (Male) |
| 0:02 | Create | Villager (Male) |
| 0:03 | Build | House |
| 0:04 | Build | House |
| 0:05 | Create | Villager (Male) |
| 0:06 | Create | Villager (Male) |
| 1:25 | Create | Villager (Male) |
| 1:25 | Create | Villager (Male) |
| 1:50 | Build | Lumber Camp |
| 2:09 | Create | Villager (Male) |
| 2:09 | Create | Villager (Male) |
| 2:27 | Create | Villager (Male) |
| 2:30 | Create | Villager (Male) |
| 2:30 | Create | Villager (Male) |
| 3:21 | Create | Villager (Male) |
| 3:48 | Create | Villager (Male) |
| 3:57 | Build | House |
| 4:03 | Create | Villager (Male) |
| 4:12 | Build | House |
| 4:39 | Create | Villager (Male) |
| 4:44 | Build | Mill |
| 4:58 | Create | Villager (Male) |
| 5:27 | Create | Villager (Male) |
| 5:52 | Create | Villager (Male) |
| 6:15 | Create | Villager (Male) |
| 6:45 | Create | Villager (Male) |
| 7:03 | Build | House |
| 7:25 | Research | Loom |
| 7:26 | Research | Loom |
| 7:31 | Build | House |
| 7:40 | Research | Feudal Age |
| 7:54 | Build | Mining Camp |
| 8:39 | Build | Palisade Wall |
| 9:16 | Build | Barracks |
| 9:53 | Create | Villager (Male) |
| 9:54 | Create | Villager (Male) |
| 10:00 | Age | Feudal Age |
| 10:07 | Create | Villager (Male) |
| 10:10 | Create | Spearman |
| 10:17 | Build | Lumber Camp |
| 10:43 | Build | Palisade Wall |
| 10:56 | Build | Archery Range |
| 11:03 | Create | Villager (Male) |
| 11:11 | Research | Double-Bit Axe |
| 11:11 | Research | Double-Bit Axe |
| 11:41 | Create | Villager (Male) |
| 11:44 | Research | Wheelbarrow |
| 11:44 | Research | Wheelbarrow |
| 11:57 | Create | Skirmisher |
| 12:04 | Build | House |
| 12:13 | Create | Skirmisher |
| 12:14 | Create | Skirmisher |
| 12:36 | Build | House |
| 12:57 | Create | Skirmisher |
| 13:07 | Create | Villager (Male) |
| 13:10 | Build | Blacksmith |
| 13:21 | Create | Villager (Male) |
| 13:52 | Create | Villager (Male) |
| 13:57 | Create | Skirmisher |
| 14:05 | Build | Palisade Wall |
| 14:10 | Build | Palisade Wall |
| 14:18 | Build | Archery Range |
| 14:26 | Create | Skirmisher |
| 14:27 | Create | Villager (Male) |
| 14:27 | Create | Villager (Male) |
| 14:44 | Create | Villager (Male) |
| 14:56 | Create | Skirmisher |
| 15:01 | Create | Villager (Male) |
| 15:05 | Research | Horse Collar |
| 15:09 | Build | Farm |
| 15:10 | Build | Farm |
| 15:30 | Research | Fletching |
| 15:30 | Research | Fletching |
| 15:49 | Create | Villager (Male) |
| 15:49 | Create | Villager (Male) |
| 16:14 | Create | Villager (Male) |
| 16:15 | Create | Villager (Male) |
| 16:23 | Create | Villager (Male) |
| 16:23 | Create | Villager (Male) |
| 16:23 | Create | Villager (Male) |
| 16:30 | Build | Farm |
| 16:30 | Build | Farm |
| 16:30 | Build | Farm |
| 16:30 | Build | Farm |
| 16:37 | Build | Farm |
| 16:43 | Build | House |
| 16:48 | Create | Skirmisher |
| 16:50 | Create | Archer |
| 16:53 | Build | Farm |
| 16:59 | Create | Villager (Male) |
| 17:03 | Build | Farm |
| 17:13 | Research | Town Watch |
| 17:13 | Research | Town Watch |
| 17:19 | Build | House |
| 17:33 | Create | Archer |
| 17:33 | Create | Skirmisher |
| 17:38 | Create | Villager (Male) |
| 18:08 | Build | House |
| 18:09 | Create | Archer |
| 18:09 | Create | Archer |
| 18:10 | Create | Villager (Male) |
| 18:23 | Create | Skirmisher |
| 18:24 | Create | Archer |
| 18:26 | Build | Farm |
| 18:28 | Build | Farm |
| 18:28 | Build | Farm |
| 18:29 | Build | Farm |
| 18:33 | Build | Farm |
| 18:33 | Create | Villager (Male) |
| 18:34 | Create | Villager (Male) |
| 18:56 | Create | Archer |
| 19:24 | Create | Skirmisher |
| 19:24 | Create | Skirmisher |
| 19:52 | Create | Villager (Male) |
| 19:53 | Create | Villager (Male) |
| 19:53 | Create | Villager (Male) |
| 19:55 | Build | House |
| 19:57 | Build | Farm |
| 20:01 | Build | Farm |
| 20:02 | Build | Farm |
| 20:14 | Create | Villager (Male) |
| 20:16 | Build | Market |
| 21:10 | Build | Farm |
| 21:15 | Build | Mining Camp |
| 21:16 | Create | Villager (Male) |
| 21:16 | Create | Villager (Male) |
| 21:45 | Research | Castle Age |
| 21:46 | Research | Castle Age |
| 22:04 | Build | Farm |
| 22:38 | Create | Skirmisher |
| 22:38 | Create | Skirmisher |
| 22:39 | Create | Skirmisher |
| 22:39 | Create | Skirmisher |
| 22:44 | Build | Watch Tower |
| 22:48 | Create | Villager (Male) |
| 23:23 | Create | Skirmisher |
| 23:23 | Create | Skirmisher |
| 23:43 | Create | Skirmisher |
| 23:43 | Create | Skirmisher |
| 23:58 | Create | Villager (Male) |
| 24:18 | Build | Watch Tower |
| 24:25 | Age | Castle Age |
| 24:33 | Build | Town Center |
| 24:42 | Research | Bodkin Arrow |
| 24:51 | Create | Villager (Male) |
| 24:55 | Create | Villager (Male) |
| 25:29 | Build | House |
| 25:41 | Research | Elite Skirmisher (upgrade) |
| 26:04 | Build | Watch Tower |
Build order — Hornet-Wing
First 150 of 444 actions detected
| 0:01 | Create | Villager (Male) |
| 0:01 | Create | Villager (Male) |
| 0:01 | Create | Villager (Male) |
| 0:02 | Build | House |
| 0:04 | Build | House |
| 0:31 | Create | Villager (Male) |
| 1:20 | Create | Villager (Male) |
| 1:21 | Create | Villager (Male) |
| 1:58 | Create | Villager (Male) |
| 2:30 | Create | Villager (Male) |
| 2:34 | Build | Lumber Camp |
| 2:43 | Create | Villager (Male) |
| 3:06 | Build | House |
| 3:12 | Create | Villager (Male) |
| 3:29 | Create | Villager (Male) |
| 3:52 | Create | Villager (Male) |
| 3:56 | Create | Villager (Male) |
| 4:35 | Create | Villager (Male) |
| 5:02 | Create | Villager (Male) |
| 5:29 | Build | Mining Camp |
| 5:55 | Create | Villager (Male) |
| 6:22 | Create | Villager (Male) |
| 6:53 | Research | Loom |
| 7:23 | Research | Feudal Age |
| 7:46 | Build | Barracks |
| 8:37 | Build | House |
| 9:25 | Build | House |
| 9:33 | Age | Feudal Age |
| 9:49 | Create | Villager (Male) |
| 9:52 | Build | Archery Range |
| 9:55 | Build | Archery Range |
| 10:02 | Create | Villager (Male) |
| 10:28 | Research | Double-Bit Axe |
| 10:40 | Build | Palisade Wall |
| 10:42 | Build | Palisade Wall |
| 10:44 | Build | Palisade Wall |
| 10:45 | Build | Palisade Wall |
| 10:46 | Build | Palisade Wall |
| 10:48 | Build | Palisade Wall |
| 10:55 | Create | Villager (Male) |
| 11:15 | Create | Archer |
| 11:18 | Create | Archer |
| 11:20 | Build | House |
| 11:31 | Build | Mining Camp |
| 11:35 | Create | Archer |
| 11:37 | Create | Archer |
| 11:38 | Create | Villager (Male) |
| 11:58 | Create | Archer |
| 12:09 | Create | Villager (Male) |
| 12:26 | Create | Archer |
| 12:34 | Create | Villager (Male) |
| 12:37 | Build | House |
| 12:49 | Build | House |
| 13:04 | Create | Archer |
| 13:14 | Build | Blacksmith |
| 13:23 | Create | Archer |
| 13:49 | Create | Archer |
| 14:03 | Build | Mill |
| 14:06 | Create | Archer |
| 14:11 | Create | Archer |
| 14:29 | Build | House |
| 14:30 | Build | House |
| 14:33 | Research | Fletching |
| 14:40 | Create | Archer |
| 14:41 | Create | Villager (Male) |
| 14:56 | Create | Villager (Male) |
| 15:11 | Create | Archer |
| 15:13 | Create | Archer |
| 15:15 | Create | Villager (Male) |
| 15:17 | Build | Farm |
| 15:28 | Create | Archer |
| 15:28 | Create | Archer |
| 15:28 | Create | Archer |
| 15:47 | Create | Archer |
| 15:48 | Create | Villager (Male) |
| 15:49 | Create | Villager (Male) |
| 16:08 | Create | Archer |
| 16:12 | Create | Villager (Male) |
| 16:14 | Build | House |
| 16:15 | Build | House |
| 16:39 | Build | House |
| 16:40 | Build | House |
| 16:47 | Research | Padded Archer Armor |
| 17:06 | Build | Farm |
| 17:07 | Build | Farm |
| 17:08 | Build | Farm |
| 17:10 | Research | Horse Collar |
| 17:41 | Create | Archer |
| 17:41 | Create | Archer |
| 18:03 | Create | Archer |
| 18:04 | Create | Villager (Male) |
| 18:08 | Create | Villager (Male) |
| 18:10 | Build | Farm |
| 18:16 | Create | Archer |
| 18:20 | Create | Villager (Male) |
| 18:24 | Build | Farm |
| 18:24 | Build | Farm |
| 18:24 | Build | Farm |
| 18:24 | Build | Farm |
| 18:25 | Build | Farm |
| 18:25 | Build | Farm |
| 18:33 | Create | Archer |
| 18:33 | Create | Archer |
| 18:35 | Create | Villager (Male) |
| 18:55 | Create | Archer |
| 18:58 | Research | Forging |
| 19:08 | Build | Farm |
| 19:21 | Build | Farm |
| 19:24 | Create | Villager (Male) |
| 19:34 | Create | Archer |
| 19:55 | Create | Archer |
| 19:58 | Create | Villager (Male) |
| 20:02 | Build | Farm |
| 20:07 | Create | Archer |
| 20:22 | Create | Archer |
| 20:22 | Create | Archer |
| 20:23 | Create | Villager (Male) |
| 20:57 | Create | Archer |
| 20:58 | Create | Archer |
| 21:15 | Create | Villager (Male) |
| 21:17 | Build | Lumber Camp |
| 21:26 | Create | Villager (Male) |
| 21:29 | Build | Farm |
| 21:30 | Build | Farm |
| 21:38 | Create | Villager (Male) |
| 21:43 | Create | Villager (Male) |
| 21:50 | Create | Archer |
| 21:50 | Create | Archer |
| 22:01 | Build | Farm |
| 22:03 | Build | Farm |
| 22:08 | Create | Archer |
| 22:09 | Create | Archer |
| 22:10 | Create | Villager (Male) |
| 22:30 | Build | Mining Camp |
| 22:38 | Build | House |
| 22:44 | Build | Farm |
| 22:53 | Build | Farm |
| 23:07 | Create | Archer |
| 23:07 | Create | Archer |
| 23:25 | Build | House |
| 23:34 | Build | Farm |
| 23:49 | Research | Castle Age |
| 23:50 | Research | Castle Age |
| 23:52 | Create | Archer |
| 23:53 | Create | Archer |
| 24:01 | Create | Archer |
| 24:12 | Create | Archer |
| 24:12 | Create | Archer |
| 24:18 | Create | Archer |
| 24:18 | Create | Archer |
Match timeline
| 7:46 | Hornet-Wing · first_building Barracks |
| 8:10 | ShaggyJeff · first_building Barracks |
| 8:39 | FreeNicov! · wall_segment Palisade Wall x16 |
| 8:58 | ShaggyJeff · age_up feudal |
| 9:13 | ShaggyJeff · first_building Stable |
| 9:16 | FreeNicov! · first_building Barracks |
| 9:33 | Hornet-Wing · age_up feudal |
| 9:52 | Hornet-Wing · first_building Archery Range |
| 10:00 | FreeNicov! · age_up feudal |
| 10:16 | mitocondria · age_up feudal |
| 10:40 | Hornet-Wing · wall_segment Palisade Wall x1 |
| 10:42 | Hornet-Wing · wall_segment Palisade Wall x1 |
| 10:43 | FreeNicov! · wall_segment Palisade Wall x2 |
| 10:44 | Hornet-Wing · wall_segment Palisade Wall x1 |
| 10:45 | Hornet-Wing · wall_segment Palisade Wall x1 |
| 10:46 | Hornet-Wing · wall_segment Palisade Wall x1 |
| 10:48 | Hornet-Wing · wall_segment Palisade Wall x1 |
| 10:56 | The Chancellor · age_up feudal |
| 10:56 | FreeNicov! · first_building Archery Range |
| 11:05 | mitocondria · wall_segment Stone Wall x15 |
| 11:12 | Kolor Peru · first_building Barracks |
| 11:21 | The Chancellor · first_building Barracks |
| 11:22 | Kolor Peru · age_up feudal |
| 11:46 | Kolor Peru · wall_segment Palisade Wall x8 |
| 11:47 | Kolor Peru · wall_segment Palisade Wall x7 |
| 11:50 | mitocondria · wall_segment Palisade Wall x1 |
| 11:55 | mitocondria · wall_segment Palisade Wall x1 |
| 12:02 | Kolor Peru · first_building Archery Range |
| 12:24 | mitocondria · first_building Barracks |
| 12:56 | The Chancellor · first_market_buy 100 food |
| 13:48 | mitocondria · first_building Stable |
| 13:56 | mitocondria · age_up castle |
| 14:05 | FreeNicov! · wall_segment Palisade Wall x5 |
| 14:10 | FreeNicov! · wall_segment Palisade Wall x5 |
| 14:24 | Kolor Peru · wall_segment Palisade Wall x3 |
| 14:27 | Kolor Peru · wall_segment Palisade Wall x7 |
| 14:40 | mitocondria · first_market_sell 100 wood |
| 14:41 | mitocondria · first_market_buy 100 food |
| 14:47 | The Chancellor · age_up castle |
| 14:49 | The Chancellor · first_building Monastery |
| 15:03 | mitocondria · wall_segment Palisade Wall x1 |
| 15:04 | The Chancellor · first_building Stable |
| 15:04 | mitocondria · wall_segment Palisade Wall x1 |
| 15:05 | mitocondria · wall_segment Palisade Wall x1 |
| 15:08 | mitocondria · wall_segment Palisade Wall x1 |
| 15:28 | Kolor Peru · age_up castle |
| 18:14 | mitocondria · first_building Castle |
| 18:28 | Kolor Peru · first_building Siege Workshop |
| 21:40 | FreeNicov! · first_market_buy 100 food |
| 21:41 | FreeNicov! · first_market_sell 100 wood |
| 22:48 | Kolor Peru · first_market_buy 100 food |
| 22:52 | ShaggyJeff · first_market_buy 100 food |
| 23:43 | Kolor Peru · first_market_sell 100 wood |
| 24:25 | FreeNicov! · age_up castle |
| 25:36 | The Chancellor · wall_segment Stone Wall x16 |
| 25:38 | ShaggyJeff · age_up castle |
| 25:47 | The Chancellor · wall_segment Stone Wall x21 |
| 26:29 | Hornet-Wing · age_up castle |
| 26:45 | Hornet-Wing · first_building Castle |
| 28:41 | FreeNicov! · first_building Monastery |
| 29:36 | Hornet-Wing · first_market_sell 100 wood |
| 30:24 | The Chancellor · wall_segment Stone Wall x17 |
| 30:38 | The Chancellor · first_building Castle |
| 31:12 | Hornet-Wing · first_market_buy 100 wood |
| 32:23 | mitocondria · age_up imperial |
| 32:46 | FreeNicov! · first_building Siege Workshop |
| 33:03 | The Chancellor · wall_segment Stone Wall x1 |
| 33:07 | Hornet-Wing · age_up imperial |
| 33:20 | Kolor Peru · first_building Monastery |
| 33:26 | The Chancellor · wall_segment Stone Wall x9 |
| 33:46 | ShaggyJeff · first_market_sell 100 food |
| 35:57 | Kolor Peru · first_building Castle |
| 36:48 | The Chancellor · age_up imperial |
| 37:36 | Kolor Peru · age_up imperial |
| 38:41 | ShaggyJeff · wall_segment Palisade Wall x1 |
| 39:22 | The Chancellor · first_building Siege Workshop |
| 39:34 | ShaggyJeff · first_building Monastery |
| 40:08 | FreeNicov! · age_up imperial |
| 41:45 | The Chancellor · first_market_sell 500 food |
| 43:56 | ShaggyJeff · age_up imperial |
| 45:11 | FreeNicov! · first_building Castle |
| 45:40 | ShaggyJeff · tribute_sent a jugador 1 |
| 45:40 | ShaggyJeff · tribute_sent a jugador 2 |
| 45:40 | ShaggyJeff · tribute_sent a jugador 3 |
| 45:40 | ShaggyJeff · tribute_sent a jugador 5 |
| 45:40 | ShaggyJeff · tribute_sent a jugador 6 |
| 46:23 | Hornet-Wing · first_building Stable |
| 49:58 | mitocondria · first_building Siege Workshop |
| 54:19 | Hornet-Wing · tribute_sent a jugador 1 |
| 54:19 | Hornet-Wing · tribute_sent a jugador 2 |
| 54:19 | Hornet-Wing · tribute_sent a jugador 3 |
| 54:19 | Hornet-Wing · tribute_sent a jugador 4 |
| 54:19 | Hornet-Wing · tribute_sent a jugador 5 |
| 55:29 | mitocondria · first_building Monastery |
| 57:57 | Hornet-Wing · first_building Siege Workshop |
| 59:07 | ShaggyJeff · first_building Archery Range |
| 64:41 | The Chancellor · resign |
[ AI ANALYSIS · 1 CREDIT ]
What really happened in this match?
Wolo.gg analyzes every decision: build order, eco, micro, common mistakes by bracket. Personalized analysis on WhatsApp or Discord in 30 seconds.
Civ guide
Persians
Perfil
Jugador #19455027